 Dungeon Crawl Stone Soup version 0.16-a0-51-g3cd7026 (webtiles) character file.

1334 Qrupt the Slicer (level 8, -2/58 HPs)
             Began as a Halfling Fighter on Aug 6, 2014.
             Killed by divine providence
             ... invoked by an orc priest
              (12 damage)
             ... on Level 6 of the Dungeon.
             The game lasted 00:12:18 (5478 turns).

Qrupt the Slicer (Halfling Fighter)                 Turns: 5478, Time: 00:12:19

HP  -2/58        AC 12     Str 21      XL: 8   Next: 92%
MP   8/8         EV 10     Int  7      God:
Gold 78          SH  6     Dex 17      Spells:  0 memorised,  7 levels left

rFire  . . .     SeeInvis +     k - +0 cutlass
rCold  + . .     Clarity  .     E - +4 scale mail of Duty {Str+3 Dex+3}
rNeg   + . .     rCorr    .     c - +0 buckler
rPois  .         rRot     .     (no helmet)
rElec  .         Spirit   .     F - -2 cloak of Noughts and Crosses {rC+ rN+ SInv}
SustAb .         Warding  .     r - +1 pair of gloves
rMut   .         Stasis   .     (no boots)
Gourm  .                        (no amulet)
MR     .....                    (no ring)
                                (no ring)

@: very slightly contaminated, not resistant to hostile enchantments, extremely
unstealthy
A: mutation resistance 1
a: no special abilities


You were on level 6 of the Dungeon.
You were not hungry.

You visited 1 branch of the dungeon, and saw 6 of its levels.

You collected 267 gold pieces.
You spent 189 gold pieces at shops.

Inventory:

Hand weapons
 a - a +0 cutlass
 k - a +0 cutlass (weapon)
Armour
 b - a +0 scale mail
 c - a +0 buckler (worn)
 r - a +1 pair of gloves (worn)
 s - a +0 cloak
 E - the +4 scale mail of Duty (worn) {Str+3 Dex+3}
   (You bought it in a shop on level 5 of the Dungeon)

   It affects your strength (+3).
   It affects your dexterity (+3).
 F - the cursed -2 cloak of Noughts and Crosses (worn) {rC+ rN+ SInv}
   (You found it on level 6 of the Dungeon)

   It protects you from cold.
   It protects you from negative energy.
   It enhances your eyesight.
   It has a curse placed upon it.
Magical devices
 e - a wand of fire (4) {unknown}
 g - a wand of slowing (11) {unknown}
 y - a wand of flame (24)
Comestibles
 d - 4 bread rations
 u - a beef jerky
 B - a fruit
Scrolls
 h - a scroll of enchant armour
 i - 6 scrolls of identify
 j - 4 scrolls of remove curse
 v - a scroll of recharging
 A - a scroll of fog
Jewellery
 p - a +4 ring of strength {unknown}
Potions
 f - a potion of curing
 l - a potion of confusion {unknown}
 m - a potion of degeneration {unknown}
 n - a potion of invisibility {unknown}
 o - a potion of cure mutation {unknown}
 w - 5 potions of heal wounds {unknown}
 x - 2 potions of haste {unknown}
 z - 2 potions of poison {unknown}
 D - a potion of mutation {unknown}
 H - 2 potions of brilliance
 I - a potion of restore abilities {unknown}
Books
 t - a book of Enchantments

   Spells                             Type                      Level
   Tukima's Dance                     Hexes                        3
   Cause Fear                         Hexes                        4
   Silence                            Hexes/Air                    5
   Deflect Missiles                   Charms/Air                   6
   Haste                              Charms                       6
   Discord                            Hexes                        8
 C - a book of Flames

   Spells                             Type                      Level
   Flame Tongue                       Conjuration/Fire             1
   Throw Flame                        Conjuration/Fire             2
   Conjure Flame                      Conjuration/Fire             3
   Inner Flame                        Hexes/Fire                   3
   Sticky Flame                       Conjuration/Fire             4
   Fireball                           Conjuration/Fire             5


   Skills:
 + Level 6.5 Fighting
 - Level 10.5 Short Blades
 - Level 3.2 Armour
 - Level 3.2 Shields


You had 7 spell levels left.
You didn't know any spells.

Dungeon Overview and Level Annotations

Branches:
Dungeon (6/15)
 Temple: D:4-7

Altars:
Cheibriados
Dithmenos
Makhleb

Shops:
D:5 [

Annotations:
D:4 Sigmund


Innate Abilities, Weirdness & Mutations

You are small and have problems with some larger weapons.
You are somewhat resistant to further mutation.


Message History

The orc priest invokes the aid of Beogh against you.
Something smites you!
* * * LOW HITPOINT WARNING * * *
The orc priest glows brightly for a moment.
The orc wizard gestures at you while chanting.
You resist.
The orc wizard mumbles some strange words.
The orc wizard blinks!
Drink which item? (? for menu, Esc to quit)
You feel better. You block the orc wizard's attack.
The orc priest prays to Beogh.
You feel a wave of unholy energy pass over you.
You block the orc wizard's attack.
The orc wizard hits you but does no damage.
You feel yourself speed up.
The orc wizard hits you but does no damage.
The orc wizard hits you but does no damage.
The orc priest mumbles some strange prayers to Beogh against you.
Something smites you!
You die...

### ##.## #.......... #.#
##...###.......... #.#
#..#..##.......... #.###
##.###..#.......... ##...####
##..# ##............
##.......####..####%............
##..####........##...............
#..## ###.........o.............
..## #...>..@o.o.o.o.........
..## ##..........####........
...## #........###.....o...#.
....## ##.....#...........o).#
(....## #.....................
......## #...........##........
.......## #........### ##.......
........# ......### ##.......
....(((.# .....## ##........


You could see an orc warrior, an orc priest, an orc wizard and 2 orcs.

Vanquished Creatures
  2 sky beasts (D:6)
  A centaur (D:6)
  4 giant frogs
  A wyvern zombie (D:6)
  3 scorpions
  A goliath beetle (D:6)
  A crimson imp (D:6)
  3 orc priests
  2 hounds (D:4)
  2 iguanas
  2 orc wizards (D:4)
  3 worker ants
  2 adders
  A gnoll zombie (D:5)
  2 giant mites
  4 worms
  An adder zombie (D:5)
  2 oozes
  17 orcs
  A ball python (D:3)
  8 bats
  11 hobgoblins
  5 jackals
  16 kobolds
  3 quokkas
  5 giant cockroaches
  3 giant geckos
  3 giant newts
  A giant newt skeleton (D:4)
  5 goblins
  A kobold zombie (D:5)
  A quokka zombie (D:6)
  13 rats
  2 rat skeletons (D:5)
132 creatures vanquished.

Notes
Turn   | Place    | Note
--------------------------------------------------------------
     0 | D:1      | Qrupt, the Halfling Fighter, began the quest for the Orb.
     0 | D:1      | Reached XP level 1. HP: 15/15 MP: 1/1
   204 | D:1      | Reached XP level 2. HP: 18/20 MP: 2/2
   391 | D:1      | Reached skill level 4 in Short Blades
   520 | D:1      | Reached XP level 3. HP: 13/25 MP: 3/3
  1398 | D:2      | Reached skill level 5 in Short Blades
  1430 | D:2      | Reached XP level 4. HP: 25/30 MP: 4/4
  1975 | D:3      | Noticed a giant frog
  1990 | D:3      | Killed a giant frog
  1990 | D:3      | Reached skill level 6 in Short Blades
  1990 | D:3      | Reached XP level 5. HP: 30/35 MP: 5/5
  2118 | D:3      | Reached skill level 7 in Short Blades
  2144 | D:3      | Found a shadowy altar of Dithmenos.
  2144 | D:3      | Found a burning altar of Makhleb.
  2316 | D:4      | Reached XP level 6. HP: 37/41 MP: 6/6
  2501 | D:4      | Reached skill level 8 in Short Blades
  2906 | D:4      | Noticed Sigmund
  3105 | D:4      | Reached skill level 9 in Short Blades
  3110 | D:4      | Reached XP level 7. HP: 43/45 MP: 7/7
  3126 | D:4      | Found a snail-covered altar of Cheibriados.
  3248 | D:5      | Entered Level 5 of the Dungeon
  4002 | D:5      | Found Cestriceo's Antique Armour Shop.
  4033 | D:5      | Bought a twisted scale mail for 189 gold pieces
  4045 | D:5      | Identified the +4 scale mail of Duty {Str+3 Dex+3} (You bought it in a shop on level 5 of the Dungeon)
  4068 | D:5      | Reached skill level 10 in Short Blades
  4219 | D:6      | Found a snail-covered altar of Cheibriados.
  4511 | D:6      | Reached XP level 8. HP: 45/54 MP: 8/8
  4794 | D:6      | Reached skill level 5 in Fighting
  5218 | D:6      | Got an ichor-stained cloak
  5230 | D:6      | Identified the cursed -2 cloak of Noughts and Crosses {rC+ rN+ SInv} (You found it on level 6 of the Dungeon)
  5478 | D:6      | Killed from afar by an orc priest

Action                   |  1- 3 |  4- 6 |  7- 9 || total
-------------------------+-------+-------+-------++-------
Melee: Cutlass           |   133 |   202 |   388 ||   723
Throw: Stone             |     5 |       |       ||     5
Evoke: Wand              |       |     1 |       ||     1
  Use: Potion            |       |     4 |     3 ||     7
       Scroll            |       |     9 |     3 ||    12
  Eat: Chunk             |     1 |     5 |     8 ||    14
       Fruit             |       |       |     1 ||     1
